 Dungeon Crawl Stone Soup version 0.29.1-1-gd02db6906a (webtiles) character file.

Game seed: 16192031597782352593

17 Romesagentofchaos the Trooper (level 2, -5/27 HPs)
             Began as a Hill Orc Fighter on Oct 22, 2022.
             Slain by Terence
             ... wielding a +0 trident
              (10 damage)
             ... on level 2 of the Dungeon.
             The game lasted 00:01:50 (1144 turns).

Romesagentofchaos the Trooper (Hill Orc Fighter)    Turns: 1144, Time: 00:01:50

Health: -5/27      AC:  7    Str: 18    XL:     2   Next: 62%
Magic:  2/2        EV:  9    Int:  8    God:
Gold:   51         SH:  4    Dex: 10    Spells: 1/1 levels left

rFire   . . .      SeeInvis .   a - +0 war axe
rCold   . . .      Faith    .   c - +0 buckler
rNeg    . . .      Spirit   .   b - +1 scale mail
rPois   .          Reflect  .   (no helmet)
rElec   .          Harm     .   (no cloak)
rCorr   .          Rampage  .   (no gloves)
Will    .....                   (no boots)
Stlth   ..........              (no amulet)
HPRegen 0.09/turn               (no ring)
MPRegen 0.08/turn               (no ring)

@: no status effects
A: no striking features
a: no special abilities


You were on level 2 of the Dungeon.
You visited 1 branch of the dungeon, and saw 2 of its levels.

You collected 51 gold pieces.

Inventory:

Hand Weapons
 a - a +0 war axe (weapon)
Armour
 b - a +1 scale mail (worn)
 c - a +0 buckler (worn)
Scrolls
 e - a scroll of teleportation
Potions
 d - a potion of might
 g - a potion of curing


   Skills:
 + Level 4.0 Fighting
 + Level 3.0 Axes
 + Level 3.5 Armour
 + Level 3.5 Shields


You had one spell level left.
You didn't know any spells.
Your spell library was empty.

Dungeon Overview and Level Annotations

Branches:
Dungeon (2/15)

Altars:

Annotations:
D:2 Terence


Message History

You enter the shallow water.
Moving in this stuff is going to be slow.
You enter the shallow water.
Moving in this stuff is going to be slow.
You see here 9 stones.
You enter the shallow water.
Moving in this stuff is going to be slow.
You enter the shallow water.
Moving in this stuff is going to be slow.
Partly explored, can't reach some places.
You enter the shallow water.
Moving in this stuff is going to be slow.
There is a stone staircase leading down here.
You climb downwards.
Found 6 stones.
There is a stone staircase leading up here.
Found a whip.
You now have 51 gold pieces (gained 12).
You see here 6 stones.
Found a stone staircase leading down.
There is a stone staircase leading down here.
Terence the Incautious comes into view.
He is wielding a +0 trident.
Found a spear.
Terence shouts!
A kobold comes into view. It is wielding a +0 dagger.
The kobold shouts!
Terence misses you.
Found a robe.
Terence drinks a potion.
Terence goes berserk!
You hit Terence but do no damage. Terence closely misses you.
Terence misses you.
You closely miss Terence. Terence hits you with a +0 trident!
Terence hits you with a +0 trident.
You closely miss Terence. Terence hits you with a +0 trident.
* * * LOW HITPOINT WARNING * * *
Terence closely misses you.
As you read the scroll labelled KAUX BYGRO, it crumbles to dust.
It is a scroll of identify.
g - a potion of curing Terence hits you with a +0 trident!
You die...

#.....######.#######
###.### #.......#
#..# #######.# ##.#
#.# #.# #.# #.# #.#
#.# #.. ..######.#
##. .......@.# #)
..###K@### #. #.. #.
.... #. #.#.[ #.
#.#.. ## . #.. # #..


You could see Terence (berserk) and a kobold.

Vanquished Creatures
  2 ball pythons (D:1)
  A bat (D:1)
  An endoplasm (D:1)
  3 goblins (D:1)
  3 hobgoblins (D:1)
  A quokka (D:1)
  A frilled lizard (D:1)
  2 rats (D:1)
14 creatures vanquished.

Notes
Turn   | Place    | Note
-------+----------+-------------------------------------------
     0 | D:1      | Romesagentofchaos the Hill Orc Fighter began the quest for
                  | the Orb.
     0 | D:1      | Reached XP level 1. HP: 19/19 MP: 1/1
     3 | D:1      | Noticed an electric eel
     4 | D:1      | Noticed an electric eel
    85 | D:1      | Reached XP level 2. HP: 23/27 MP: 2/2
   765 | D:1      | Reached skill level 4 in Fighting
   976 | D:1      | Found a faded altar of an unknown god.
  1138 | D:2      | Noticed Terence
  1144 | D:2      | Slain by Terence

Illustrated notes

Levels and vault maps discovered:
D:1:      arrival_aquarium_b, layout_basic, serial_rivers,
          chequers_serial_rivers_large_a, chequers_serial_rivers_large_b,
          chequers_serial_rivers_micro_e, chequers_serial_rivers_room_b,
          hellmonk_ecumenical_altar_leap_of_faith
D:2:      layout_loops_cross, serial_shops, nicolae_shop_stone,
          kennysheep_generic_room_16, uniq_terence

Skill      XL: |  1  2 |
---------------+-------+-----
Axes           | 3 |  3.0
Fighting       | 4 |  4.0
Armour         | |  3.5
Shields        | |  3.5

Action                   || total
-------------------------++-------
Melee: War axe           ||    36
  Use: Scroll            ||     4
Armor: Scale mail        ||    16
Dodge: Dodged            ||    18
Block: Buckler           ||     8
